 Dungeon Crawl Stone Soup version 0.21.1-1-g345015f (webtiles) character file.

97 Inarius the Ruffian (level 4, -2/37 HPs)
             Began as a Ghoul Gladiator on Feb 26, 2018.
             Killed from afar by a smoke demon (3 damage)
             ... with a sticky flame
             ... created by the fury of Makhleb
             ... on level 3 of the Dungeon.
             The game lasted 00:04:44 (1663 turns).

Inarius the Ruffian (Ghoul Gladiator)               Turns: 1663, Time: 00:04:45

Health: -2/37      AC: 11    Str: 17    XL:     4   Next: 68%
Magic:  3/3        EV:  5    Int:  4    God:
Gold:   129        SH:  0    Dex: 10    Spells: 3/3 levels left

rFire    . . .     SeeInvis +     - Unarmed
rCold    + . .     Gourm    .   (no shield)
rNeg     + + +     Faith    .   e - +0 plate armour
rPois    ∞         Spirit   .   b - +0 helmet
rElec    .         Reflect  .   (no cloak)
rCorr    .         Harm     .   (no gloves)
MR       .....                  (no boots)
Stlth    ..........             (no amulet)
HPRegen  0.00/turn              q - ring of see invisible
MPRegen  0.08/turn              (no ring)

@: liquid flames, rotting, glowing
A: rotting body, claws 1, carnivore, cold resistance 1, negative energy
resistance 3, inhibited regeneration, torment resistance, unbreathing
a: no special abilities


You were on level 3 of the Dungeon.
You were not hungry.

You visited 1 branch of the dungeon, and saw 3 of its levels.

You collected 129 gold pieces.

Inventory:

Missiles
 c - 3 throwing nets (quivered)
 i - 4 javelins
Armour
 a - a +0 leather armour
 b - a +0 helmet (worn)
 e - a +0 plate armour (worn)
Jewellery
 j - an uncursed ring of ice
 q - a ring of see invisible (left claw)
Scrolls
 g - 2 scrolls of remove curse
 h - a scroll of immolation {unknown}
 k - 2 scrolls of identify {unknown}
 m - a scroll of enchant weapon {unknown}
 o - a scroll of fog {unknown}
 p - a scroll of random uselessness {unknown}
Potions
 l - a potion of flight {unknown}
 n - a potion of curing {unknown}
 r - a potion of experience {unknown}
Comestibles
 d - 5 rations
 f - 7 chunks of flesh


   Skills:
 + Level 2.5 Fighting
 - Level 1.7 Throwing
 + Level 1.0 Armour
 + Level 3.1 Dodging
 - Level 0.2 Stealth
 + Level 5.0 Unarmed Combat


You had 3 spell levels left.
You didn't know any spells.

Dungeon Overview and Level Annotations

Branches:
Dungeon (3/15)

Altars:
Ashenzari
Makhleb


Innate Abilities, Weirdness & Mutations

Your body is rotting away.
You thrive on raw meat.
You are immune to poison.
You have sharp fingernails.
You are carnivorous and can eat meat at any time.
Your flesh is cold resistant. (rC+)
You are immune to negative energy. (rN+++)
You do not regenerate when monsters are visible.
You are immune to unholy pain and torment.
You can survive without breathing.


Message History

The smoke demon hits you.
The smoke demon hits you but does no damage.
f - 7 chunks of flesh (gained 2)
The smoke demon barely misses you. The smoke demon hits you.
The smoke demon hits you but does no damage.
The smoke demon gestures at you. Makhleb smites you!
The smoke demon gestures at you. The sticky flame hits you!
You are covered in liquid flames!
You are covered in liquid flames!
You are covered in liquid flames!
You are covered in liquid flames!
* * * LOW HITPOINT WARNING * * *
You are covered in liquid flames!
* * * LOW HITPOINT WARNING * * *
The smoke demon gestures at you. The sticky flame hits you!
You are covered in liquid flames!
You die...

....#### .......#
)#.###.#
.#......###
.#...#....#
##...####.##
##+.#.⌠...####
......#...3.#######
.....#.###....@..<#
.....#...#..#.###.#
._.. +...#..#.#
[....#...#.##.#
.....##.##..#.#
......#.....#.# #
#.⌠...#.......
##...####)#########
.#...#....#


You could see a smoke demon.

Vanquished Creatures
  2 adders (D:2)
  An ooze (D:2)
  3 worms
  A dart slug (D:2)
  2 ball pythons
  3 giant cockroaches
  9 goblins
  4 hobgoblins
  8 jackals
  6 kobolds
  2 quokkas (D:2)
  10 bats
  4 frilled lizards
  6 rats
61 creatures vanquished.

Notes
Turn   | Place    | Note
-------+----------+-------------------------------------------
     0 | D:1      | Inarius the Ghoul Gladiator began the quest for the Orb.
     0 | D:1      | Reached XP level 1. HP: 17/17 MP: 0/0
   142 | D:1      | Reached XP level 2. HP: 18/24 MP: 1/1
   445 | D:1      | Reached skill level 4 in Unarmed Combat
   785 | D:2      | Reached XP level 3. HP: 30/30 MP: 2/2
   888 | D:2      | Found a burning altar of Makhleb.
   918 | D:2      | Became a worshipper of Makhleb the Destroyer
   953 | D:2      | Fell from the grace of Makhleb
  1106 | D:2      | Reached XP level 4. HP: 37/37 MP: 3/3
  1502 | D:3      | Reached skill level 5 in Unarmed Combat
  1632 | D:3      | Found a shattered altar of Ashenzari.
  1651 | D:3      | Reached skill level 1 in Armour
  1653 | D:3      | Noticed a smoke demon
  1663 | D:3      | HP: 1/37 [burnt (7)]
  1663 | D:3      | Killed from afar by a smoke demon

Skill      XL: |  1  2  3  4 |
---------------+-------------+-----
Unarmed Combat | 4 5 |  5.0
Dodging        | 3 |  3.1
Armour         | 1 |  1.0
Fighting       | |  2.5
Throwing       | |  1.7
Stealth        | |  0.2

Action                   |  1- 3 |  4- 6 || total
-------------------------+-------+-------++-------
Melee: Unarmed           |   131 |    72 ||   203
       Punch             |     1 |     4 ||     5
Invok: Renounce Religion |     1 |       ||     1
  Use: Scroll            |       |     1 ||     1
  Eat: Chunk             |    11 |     6 ||    17
Armor: Leather armour    |     6 |       ||     6
       Plate armour      |    79 |    70 ||   149
Dodge: Dodged            |    33 |    20 ||    53
